AoeStats
← Malelf

Enclosed

506924961Analyzed
1v1 RM · 17d ago on Sep 15, 2026· 31m 22s· 2 players
Game mode
Random Map
Map size
Tiny (2 player)
Population
200
Speed
Normal
Resources
Standard
Victory
Conquest
Starting age
Dark Age
Ending age
Imperial Age
RankedLock teamsTeams togetherTeam positionsShared explorationLock speedFull tech treeHidden civsTurbo modeCheats
Victory
Defeat
🇦🇲 Huns · Armenia
1741
+14
🇮🇹 Magyars · Italy
1695
-14
Malelf
11:25 Feudal Age
11:58 Double-Bit Axe
11:55 Horse Collar
12:45 Man-at-Arms
15:53 Loom
16:58 Fletching
17:24 Padded Archer Armor
22:03 Castle Age
20:12 Gold Mining
22:38 Wheelbarrow
24:03 Bow Saw
23:57 Heavy Plow
23:41 Elite Skirmisher
24:18 Bodkin Arrow
27:10 Thumb Ring
28:45 Ballistics
SHell | ANDÃO
6:05 Loom
8:31 Feudal Age
9:17 Double-Bit Axe
12:01 Horse Collar
16:41 Fletching
18:33 Padded Archer Armor
23:38 Castle Age
22:18 Gold Mining
23:45 Wheelbarrow
23:59 Bloodlines
24:22 Bodkin Arrow
23:54 Light Cavalry
25:23 Scale Barding Armor
26:56 Husbandry
27:41 Bow Saw
27:51 Forging
31:00 Chain Barding Armor
30:41 Town Watch
Connection lost

Rejoining the realm…

Still unreachable

The connection could not be restored.

Session expired

The server has moved on; the page needs a fresh start.